[Event "Titled Tuesday Blitz April 26 Late 2022"]
[White "Sanchez, Robert"]
[Black "Akrakan"]
[WhiteFideId "2034360"]
[WhiteElo "2416"]
[BlackElo "2103"]
[Result "1-0"]
[Round "03"]
[TimeControl "180+1"]
[Date "2022.04.26"]
[WhiteClock "0:01:39"]
[BlackClock "0:01:10"]

1. e4 c5 2. Nf3 Nc6 3. d4 cxd4 4. Nxd4 Nf6 5. Nc3 d6 6. f3 Qa5 7. Nb3 Qc7 8. Be3 g6 9. Qd2 Bg7 10. O-O-O a6 11. g4 b5 12. h4 Bb7 13. h5 Rc8 14. h6 Bf8 15. g5 Nd7 16. Nd5 Qd8 17. Bh3 e6 18. Nc3 Nde5 19. Kb1 Nc4 20. Qe2 Nxe3 21. Qxe3 Be7 22. f4 b4 23. Nd5 exd5 24. Bxc8 Qxc8 25. exd5 Nb8 26. Rhe1 Qd8 27. Qd4 Rg8 28. Qxb4 Bc8 29. Qxb8 Kf8 30. Nd4 Bg4 31. Qxd8+ Bxd8 32. Rd3 f6 33. Rde3 Bd7 34. Ne6+ Kf7 35. Nxd8+ Rxd8 36. Re7+ Kg8 37. Rg7+ Kh8 38. Ree7 Bf5 39. Rxh7+ Kg8 40. Reg7+ Kf8 41. Rh8# 1-0


[Site "https://www.chess.com"]

[Event "Titled Tuesday Blitz April 26 Late 2022"]
[White "Schekachikhin, Maksim"]
[Black "Bachmann, Axel"]
[WhiteFideId "24177830"]
[BlackFideId "3700488"]
[WhiteElo "2230"]
[BlackElo "2587"]
[Result "1-0"]
[Round "03"]
[TimeControl "180+1"]
[Date "2022.04.26"]
[WhiteClock "0:00:05"]
[BlackClock "0:00:04"]

1. d4 Nf6 2. c4 g6 3. Nc3 Bg7 4. e4 d6 5. Nf3 O-O 6. Be2 Na6 7. O-O e5 8. Re1 Qe8 9. Qc2 Bg4 10. d5 Nb4 11. Qd1 a5 12. Be3 Na6 13. Nd2 Bd7 14. b3 b6 15. a3 h5 16. Rb1 Ng4 17. Bxg4 hxg4 18. b4 f5 19. Bg5 axb4 20. axb4 f4 21. Qb3 Kf7 22. Ra1 Rh8 23. g3 Rh5 24. gxf4 Qh8 25. Nf1 Qh7 26. Ra3 Rh8 27. h4 Rxg5 28. fxg5 Qxh4 29. Ng3 Qh2+ 30. Kf1 Nb8 31. Ra7 Rf8 32. Nd1 Kg8 33. Re3 Rf4 34. Rxc7 Rf8 35. Ke1 Qh4 36. Rb7 Qxg5 37. Rxb6 Qf6 38. c5 Bh6 39. Rxd6 Qf7 40. Re2 Bb5 41. Ra2 Bf4 42. Rb6 Bxg3 43. Qxg3 Bd7 44. Re2 Qf6 45. Rxf6 Rxf6 46. Qxe5 Kg7 47. Qxb8 Bb5 48. Qxb5 Rf7 49. c6 g3 50. fxg3 g5 51. d6 g4 52. Qg5+ Kf8 53. Rf2 Ke8 54. Rxf7 Kxf7 55. Qe7+ Kg6 56. c7 Kh6 57. c8=Q Kg6 58. Qg8+ Kh6 59. Qeg5# 1-0


[Site "https://www.chess.com"]

[Event "Titled Tuesday Blitz April 26 Late 2022"]
[White "Sernecki, Franciszek"]
[Black "Kollars, Dmitrij"]
[WhiteFideId "1169297"]
[BlackFideId "12909572"]
[WhiteElo "2165"]
[BlackElo "2584"]
[Result "0-1"]
[Round "03"]
[TimeControl "180+1"]
[Date "2022.04.26"]
[WhiteClock "0:00:01"]
[BlackClock "0:00:48"]

1. d4 Nf6 2. c4 g6 3. Nc3 Bg7 4. e4 O-O 5. Nf3 d6 6. Be2 e5 7. dxe5 dxe5 8. O-O c6 9. Qc2 Qe7 10. Rb1 a5 11. Na4 Nbd7 12. c5 Nh5 13. Rd1 Nf4 14. Bf1 Ne6 15. Be3 f5 16. exf5 gxf5 17. Rd6 Kh8 18. Rbd1 e4 19. Nd4 Ne5 20. Nb6 Nxd4 21. Bxd4 Rb8 22. Qc3 f4 23. Nxc8 Rbxc8 24. Qxa5 e3 25. fxe3 fxe3 26. Qc3 Qg5 27. Bxe3 Nf3+ 28. Kh1 Qh5 29. Qxg7+ Kxg7 30. Rd7+ Kh8 31. h3 Qe5 32. gxf3 Qxe3 33. R1d3 Qf2 34. Bg2 Rce8 35. Rg7 Kxg7 0-1


[Site "https://www.chess.com"]

[Event "Titled Tuesday Blitz April 26 Late 2022"]
[White "Sheng, Joshua"]
[Black "Drygalov, Andrey"]
[WhiteFideId "2057360"]
[BlackFideId "24171735"]
[WhiteElo "2142"]
[BlackElo "2540"]
[Result "1/2-1/2"]
[Round "03"]
[TimeControl "180+1"]
[Date "2022.04.26"]
[WhiteClock "0:00:16"]
[BlackClock "0:00:48"]

1. e4 c5 2. Nf3 d6 3. d4 cxd4 4. Nxd4 Nf6 5. Nc3 a6 6. Bg5 e6 7. f4 h6 8. Bh4 Nbd7 9. Qe2 e5 10. fxe5 dxe5 11. Nf5 Nb6 12. Rd1 Qc7 13. Bxf6 gxf6 14. Qf3 Bb4 15. Rd3 Na4 16. a3 Bxc3+ 17. bxc3 Nc5 18. Rd2 Bxf5 19. Qxf5 Ke7 20. Bd3 Ne6 21. O-O Nf4 22. g3 Rag8 23. Bb5 axb5 24. Rfd1 Ne6 25. Rd7+ Qxd7 26. Rxd7+ Kxd7 27. Qxf6 h5 28. Qxf7+ Kd6 29. Qxb7 h4 30. Qd5+ Ke7 31. Qxe5 hxg3 32. hxg3 Rh6 33. Kf2 Rf6+ 34. Ke2 Rfg6 35. Qxb5 Rxg3 36. Qb7+ Kf6 37. Kd2 Rg1 38. c4 Rd8+ 39. Kc3 Rg3+ 40. Kb2 Rgg8 41. Ka2 Rb8 42. Qd5 Rg5 43. Qd3 Ke7 44. Qe3 Rc5 45. Qd3 Rbc8 46. Kb3 R5c7 47. Qd5 Rb8+ 48. Ka2 Rbc8 49. Kb3 Nc5+ 50. Ka2 Ne6 51. Kb3 1/2-1/2


[Site "https://www.chess.com"]

[Event "Titled Tuesday Blitz April 26 Late 2022"]
[White "Shirov, Alexei"]
[Black "Grischuk, Alexander"]
[WhiteFideId "2209390"]
[BlackFideId "4126025"]
[WhiteElo "2678"]
[BlackElo "2762"]
[Result "1/2-1/2"]
[Round "03"]
[TimeControl "180+1"]
[Date "2022.04.26"]
[WhiteClock "0:00:46"]
[BlackClock "0:00:32"]

1. e4 e5 2. Nf3 Nc6 3. Bb5 Nf6 4. O-O Nxe4 5. d4 Nd6 6. Bxc6 dxc6 7. dxe5 Nf5 8. Qxd8+ Kxd8 9. h3 Bd7 10. Rd1 Be7 11. g4 Nh4 12. Nxh4 Bxh4 13. Nd2 Kc8 14. Nf3 Be7 15. Bg5 Bc5 16. Rd3 Be6 17. Nd4 Bxd4 18. Rxd4 c5 19. Rd3 h6 20. Bh4 g5 21. Bg3 h5 22. f3 b6 23. Kg2 Kb7 24. Bf2 Kc6 25. Be3 Rag8 26. a3 a5 27. Rad1 a4 28. R1d2 Kb7 29. Rd1 Kc8 30. R3d2 Rg6 31. Bf2 Rgh6 32. Bg3 R6h7 33. Rd3 Re8 34. R3d2 Rhh8 35. Rd3 Kb7 36. R1d2 Kc6 37. Rd1 b5 38. c3 Bb3 39. R1d2 Bc4 40. Rd7 Be6 41. R7d3 Bc4 42. Rd7 Be6 43. R7d3 Bc4 1/2-1/2


[Site "https://www.chess.com"]

[Event "Titled Tuesday Blitz April 26 Late 2022"]
[White "Shuvalova, Polina"]
[Black "Ferreira, Vitor Hugo Vieira"]
[WhiteFideId "24171760"]
[BlackFideId "2119765"]
[WhiteElo "2355"]
[BlackElo "2165"]
[Result "0-1"]
[Round "03"]
[TimeControl "180+1"]
[Date "2022.04.26"]
[WhiteClock "0:00:02"]
[BlackClock "0:00:45"]

1. d4 Nf6 2. Nf3 g6 3. c4 Bg7 4. Nc3 d5 5. cxd5 Nxd5 6. e4 Nxc3 7. bxc3 c5 8. Bb5+ Bd7 9. Rb1 O-O 10. O-O b6 11. Bd3 Bg4 12. e5 Nc6 13. h3 Be6 14. Be3 cxd4 15. cxd4 Bxa2 16. Rc1 Bd5 17. Ng5 f6 18. exf6 Rxf6 19. Ne4 Rf8 20. Nc3 e6 21. Nxd5 Qxd5 22. Bc4 Qd6 23. Qg4 Nxd4 24. Rfd1 Rad8 25. Rd3 Qe5 26. Rcd1 Nc6 27. Bxe6+ Kh8 28. Rxd8 Rxd8 29. Rc1 Nd4 30. Ba2 Nf5 31. Qg5 Bf6 32. Qf4 Nxe3 33. fxe3 Qxf4 34. exf4 Rd2 35. Be6 Bd4+ 36. Kh2 Bc5 37. Kg3 a5 38. f5 gxf5 39. Bxf5 Kg7 40. Rf1 a4 41. Rf4 Bd6 0-1


[Site "https://www.chess.com"]

[Event "Titled Tuesday Blitz April 26 Late 2022"]
[White "Siddharth, Jagadeesh"]
[Black "Dobre, Claudiu-Cristian"]
[WhiteFideId "5818320"]
[BlackFideId "1211854"]
[WhiteElo "2127"]
[BlackElo "2207"]
[Result "1-0"]
[Round "03"]
[TimeControl "180+1"]
[Date "2022.04.26"]
[WhiteClock "0:00:54"]
[BlackClock "0:00:01"]

1. e4 Nc6 2. Nf3 d6 3. h3 Nf6 4. Nc3 e5 5. d4 exd4 6. Nxd4 Bd7 7. Be3 Be7 8. Qd2 O-O 9. O-O-O Nxd4 10. Bxd4 Bc6 11. Bd3 Nd7 12. f4 Bf6 13. Be3 a6 14. g4 g6 15. h4 b5 16. h5 b4 17. hxg6 fxg6 18. Bc4+ Kh8 19. Qh2 Qe7 20. Nd5 Bxd5 21. Bxd5 g5 22. Bxa8 Rxa8 23. e5 dxe5 24. fxg5 Bxg5 25. Bxg5 Qxg5+ 26. Kb1 Nf8 27. Rd7 Re8 28. Rxh7+ Kg8 29. Rh8+ Kg7 30. Qf2 Qg6 31. g5 Nd7 32. R1h7+ Qxh7 33. Rxh7+ Kxh7 34. Qf7+ 1-0


[Site "https://www.chess.com"]

[Event "Titled Tuesday Blitz April 26 Late 2022"]
[White "Skawinski, Arkadiusz"]
[Black "Eswaran, Ashritha"]
[WhiteFideId "1126415"]
[BlackFideId "2080788"]
[WhiteElo "2222"]
[BlackElo "2421"]
[Result "1-0"]
[Round "03"]
[TimeControl "180+1"]
[Date "2022.04.26"]
[WhiteClock "0:00:59"]
[BlackClock "0:01:46"]

1. e4 c6 2. Nf3 d5 3. Nc3 dxe4 4. Nxe4 Nf6 5. Qe2 Nxe4 6. Qxe4 Be6 7. c4 Nd7 8. d4 Nf6 9. Qd3 Bg4 10. Be2 e6 11. O-O Bxf3 12. Bxf3 Bd6 13. g3 Qc7 14. b3 O-O 15. Bb2 e5 16. Rfe1 Rfe8 17. c5 Bf8 18. dxe5 Nd7 19. b4 Nxe5 20. Bxe5 Rxe5 21. Red1 a5 22. a3 axb4 23. axb4 Rxa1 24. Rxa1 b6 25. Ra6 bxc5 26. Rxc6 Qb8 27. b5 Re8 28. b6 Rd8 29. Qf5 Rd6 30. b7 Rxc6 31. Bxc6 1-0


[Site "https://www.chess.com"]

[Event "Titled Tuesday Blitz April 26 Late 2022"]
[White "Skliarov, Viktor"]
[Black "Zanette, Edgard Vinicius"]
[WhiteFideId "14106736"]
[BlackFideId "2109263"]
[WhiteElo "2229"]
[BlackElo "2182"]
[Result "1-0"]
[Round "03"]
[TimeControl "180+1"]
[Date "2022.04.26"]
[WhiteClock "0:00:16"]
[BlackClock "0:00:16"]

1. e4 e5 2. Nc3 Nf6 3. Bc4 Nc6 4. d3 Bc5 5. a3 d6 6. h3 a6 7. Nge2 Be6 8. Nd5 Bxd5 9. exd5 Ne7 10. Nc3 h6 11. Qf3 Qd7 12. O-O Qf5 13. Qxf5 Nxf5 14. Ne4 Nxe4 15. dxe4 Nd4 16. Bd3 c6 17. b4 Ba7 18. Be3 cxd5 19. exd5 O-O 20. c3 Nb5 21. Bxa7 Rxa7 22. c4 Nd4 23. Rac1 b6 24. f4 f6 25. fxe5 dxe5 26. c5 bxc5 27. bxc5 Rc8 28. Rc3 Kf8 29. Rb1 e4 30. Bf1 f5 31. Rb6 f4 32. Rxa6 Rxa6 33. Bxa6 Ra8 34. Bf1 e3 35. c6 Ke7 36. c7 Kd7 37. Bd3 e2 38. Kf2 Rc8 39. Bxe2 Nxe2 40. Kxe2 Rxc7 41. Rxc7+ Kxc7 42. Kf3 g5 43. Ke4 Kd6 44. a4 h5 45. a5 1-0


[Site "https://www.chess.com"]

[Event "Titled Tuesday Blitz April 26 Late 2022"]
[White "Smail, Benedict"]
[Black "Bas Mas, Jose Joaquin"]
[WhiteFideId "2050480"]
[BlackFideId "22219064"]
[WhiteElo "2070"]
[BlackElo "2212"]
[Result "1-0"]
[Round "03"]
[TimeControl "180+1"]
[Date "2022.04.26"]
[WhiteClock "0:00:24"]
[BlackClock "0:00:51"]

1. d4 f5 2. g3 Nf6 3. Bg2 e6 4. c4 Bb4+ 5. Bd2 Be7 6. Nf3 O-O 7. Nc3 Ne4 8. O-O d6 9. Qc2 Nxc3 10. Bxc3 Nc6 11. e4 fxe4 12. Qxe4 d5 13. cxd5 exd5 14. Qe2 Bg4 15. h3 Bh5 16. g4 Bg6 17. Ne5 Nxe5 18. dxe5 c6 19. f4 d4 20. Bd2 Bc2 21. Qc4+ Kh8 22. Qxc2 Qb6 23. Qd3 c5 24. b3 Qh6 25. f5 Qh4 26. Kh2 Rab8 27. Qg3 b5 28. Qxh4 Bxh4 29. Rac1 Rbc8 30. Bd5 Rfd8 31. Be6 Rc6 32. Rfd1 Be7 33. Ba5 Rf8 34. Kg3 Bg5 35. Bd2 Be7 36. Bf4 Ra6 37. Rd2 Rd8 38. h4 Ra3 39. Bg5 Bxg5 40. hxg5 c4 41. Kf4 c3 42. Rxc3 Rxa2 43. Rxa2 dxc3 44. Rc2 b4 45. Ke3 a5 46. g6 hxg6 47. Rh2# 1-0


[Site "https://www.chess.com"]

[Event "Titled Tuesday Blitz April 26 Late 2022"]
[White "Song, Guannan Terry"]
[Black "Sarkar, Justin"]
[WhiteFideId "2614189"]
[BlackFideId "2010011"]
[WhiteElo "2115"]
[BlackElo "2038"]
[Result "0-1"]
[Round "03"]
[TimeControl "180+1"]
[Date "2022.04.26"]
[WhiteClock "0:00:15"]
[BlackClock "0:00:06"]

1. e4 c5 2. Nc3 Nc6 3. f4 d6 4. Nf3 Bg4 5. Bb5 g6 6. Bxc6+ bxc6 7. d3 Bg7 8. O-O Nf6 9. Qe1 Bxf3 10. Rxf3 O-O 11. Qh4 e6 12. f5 Nd7 13. Bg5 Bf6 14. fxg6 fxg6 15. Bxf6 Rxf6 16. Qf2 Rxf3 17. Qxf3 Qe7 18. Rf1 Rf8 19. Qe2 Rxf1+ 20. Qxf1 e5 21. h3 Qf7 22. Qe1 Qf4 23. b3 Nf6 24. Ne2 Qe3+ 25. Qf2 Qxf2+ 26. Kxf2 Kf7 27. Ng3 h5 28. Nf1 Ke6 29. Nd2 Ne8 30. Nc4 Nc7 31. Na5 Kd7 32. a4 Na6 33. Ke3 Nb4 34. Kd2 Kc7 35. Nc4 Kd7 36. Ne3 Na6 37. g3 Nc7 38. Ng2 Ke7 39. Ke3 Ne6 40. Nh4 Kf6 41. Nf3 Ng5 42. Ng1 Ne6 43. c3 g5 44. Ne2 g4 45. h4 Nd8 46. d4 cxd4+ 47. cxd4 exd4+ 48. Kxd4 Ne6+ 49. Ke3 Ke5 50. Nc1 d5 51. Nd3+ Kd6 52. e5+ Ke7 53. b4 a6 54. a5 Kd7 55. Nb2 c5 56. bxc5 Nxc5 57. Kf4 Ke6 58. Nd1 d4 59. Nf2 d3 60. Nd1 d2 61. Ke3 Nb3 62. Kd3 Kxe5 63. Kc3 Nxa5 64. Kxd2 Ke4 65. Ke2 Nc4 66. Nc3+ Ke5 67. Na4 a5 68. Kd3 Nd6 69. Nb6 Ne4 70. Nc4+ Kf5 71. Nxa5 Nxg3 72. Ke3 Nf1+ 73. Kf2 Nd2 74. Nc6 Ne4+ 75. Kg1 Kf4 76. Kg2 Nd6 77. Ne7 Nf5 78. Nd5+ Ke5 79. Nc3 Nxh4+ 80. Kf2 Nf5 81. Ne2 Kf6 82. Nf4 Kg5 83. Ng2 h4 84. Kg1 h3 85. Ne1 g3 86. Nf3+ Kf4 87. Ne1 Nd4 88. Kh1 Nf3 89. Ng2+ hxg2+ 90. Kxg2 Kg4 91. Kh1 Ng5 92. Kg2 Ne4 93. Kh1 Kh3 94. Kg1 Nd2 95. Kh1 g2+ 96. Kg1 Nf3+ 97. Kf2 g1=Q+ 98. Kxf3 Qf1+ 99. Ke3 Kg4 100. Kd2 Kf4 101. Kc2 Qe2+ 102. Kc1 Ke4 103. Kb1 Kd3 104. Ka1 Kc3 105. Kb1 Qb2# 0-1


[Site "https://www.chess.com"]

[Event "Titled Tuesday Blitz April 26 Late 2022"]
[White "Song, Michael"]
[Black "Bilych, Olexiy"]
[WhiteFideId "2613190"]
[BlackFideId "14156504"]
[WhiteElo "2274"]
[BlackElo "2176"]
[Result "1-0"]
[Round "03"]
[TimeControl "180+1"]
[Date "2022.04.26"]
[WhiteClock "0:00:09"]
[BlackClock "0:00:19"]

1. e4 e5 2. f4 d5 3. exd5 exf4 4. Nf3 Nf6 5. Bb5+ c6 6. dxc6 Nxc6 7. d4 Bd6 8. O-O O-O 9. Nbd2 Bf5 10. c3 Nd5 11. Nc4 Bc7 12. Bxc6 bxc6 13. Nfe5 f6 14. Nd3 g5 15. Nc5 Qe8 16. Bd2 Qg6 17. Qa4 Nb6 18. Nxb6 axb6 19. Qxc6 Rac8 20. Qd5+ Kh8 21. Ne6 Rfe8 22. Rfe1 Bb8 23. Re2 Bd3 24. Ree1 Qf7 25. Nxf4 Qxd5 26. Nxd5 Kg7 27. Ne7 Rcd8 28. Nc6 Rc8 29. Nxb8 Rxb8 30. Rxe8 Rxe8 31. Re1 Ra8 32. a3 Kg6 33. Re3 Bc4 34. Kf2 h5 35. g3 Rh8 36. Re4 h4 37. gxh4 Bd5 38. Re7 Rxh4 39. Kg3 f5 40. Re5 f4+ 41. Bxf4 Rxf4 42. Rxd5 Rf1 43. Rd6+ Kf5 44. Rxb6 Rb1 45. d5 Rd1 46. d6 Rd3+ 47. Kf2 Kf4 48. c4 Rd2+ 49. Ke1 Rxh2 50. c5 g4 51. d7 Rh8 52. Rg6 Kf5 53. Rg5+ Kxg5 54. c6 g3 55. c7 Rh1+ 56. Ke2 Rh2+ 57. Kf3 Rh8 58. d8=Q+ Rxd8 59. cxd8=Q+ Kf5 60. Qd5+ Kf6 61. Kxg3 Ke7 62. Qc6 Kf7 63. Qd6 Kg7 64. Qe6 Kf8 65. Qd7 Kg8 66. Kg4 Kh8 67. Kg5 Kg8 68. Kg6 Kf8 69. Qd8# 1-0


[Site "https://www.chess.com"]

[Event "Titled Tuesday Blitz April 26 Late 2022"]
[White "Spata, German"]
[Black "Melikhov, Evgeny V."]
[WhiteFideId "113026"]
[BlackFideId "4122046"]
[WhiteElo "2238"]
[BlackElo "1931"]
[Result "1-0"]
[Round "03"]
[TimeControl "180+1"]
[Date "2022.04.26"]
[WhiteClock "0:00:48"]
[BlackClock "0:00:01"]

1. d4 Nf6 2. e3 d5 3. Nf3 c5 4. Be2 Nc6 5. O-O cxd4 6. Nxd4 Nxd4 7. exd4 a6 8. c3 Bf5 9. Bf4 e6 10. Nd2 Be7 11. Nf3 O-O 12. Ne5 h6 13. Re1 Bd6 14. Bd3 Bxd3 15. Qxd3 Bxe5 16. Bxe5 Nd7 17. Bg3 b5 18. f4 Re8 19. f5 Qf6 20. fxe6 Rxe6 21. Rxe6 Qxe6 22. Re1 Qf6 23. Rf1 Qe6 24. Re1 Qf6 25. h3 Qg5 26. Qf3 Nf6 27. Rf1 Qg6 28. Be5 Ne4 29. Qe3 Re8 30. Bf4 Qe6 31. Kh2 Nf6 32. Qf3 Qf5 33. Bxh6 Qxf3 34. Rxf3 Re2 35. Bg5 Ne4 36. Rf5 Rxb2 37. Rxd5 Nxc3 38. Rd8+ Kh7 39. d5 Rb1 40. d6 Rd1 41. Be7 Nxa2 42. Rf8 f6 43. Ra8 Nb4 44. Ra7 Nc6 45. Rxa6 Nxe7 46. dxe7 Re1 47. Ra7 b4 48. Rb7 b3 49. Kg3 b2 50. Kf2 Rxe7 51. Rxb2 Kg6 52. Rb5 Re5 53. Rb6 Kf5 54. Rb7 g5 55. Kf3 Ra5 56. Rb6 Ra3+ 57. Kf2 Rc3 58. Rb5+ Kg6 59. Rb8 Ra3 60. Rc8 Rb3 61. Ra8 Rc3 62. Ra4 Rb3 63. Ra2 Rc3 64. g3 Rb3 65. Kg2 Rc3 66. Rf2 Rb3 67. Rc2 Ra3 68. Rb2 Rc3 69. Rb4 Ra3 70. h4 gxh4 71. Rxh4 f5 72. Rb4 Kg5 73. Kh3 Rc3 74. Ra4 Rb3 75. Ra8 Rc3 76. Rg8+ Kf6 77. Rf8+ Kg5 78. Rg8+ Kf6 79. Kh4 Rc4+ 80. Kh5 Rc3 81. Kh4 Ke5 82. Rg6 Rb3 83. Ra6 Rc3 84. Rb6 Ra3 85. Rb5+ Kf6 86. Rb6+ Ke5 87. Rg6 Rb3 88. Kh5 1-0


[Site "https://www.chess.com"]

[Event "Titled Tuesday Blitz April 26 Late 2022"]
[White "Stevens, Christian"]
[Black "Yurasova, Daria"]
[WhiteFideId "2604450"]
[BlackFideId "34146919"]
[WhiteElo "2540"]
[BlackElo "2064"]
[Result "1-0"]
[Round "03"]
[TimeControl "180+1"]
[Date "2022.04.26"]
[WhiteClock "0:02:14"]
[BlackClock "0:01:25"]

1. e4 e5 2. Nf3 Nc6 3. Bb5 a6 4. Ba4 Nf6 5. d3 b5 6. Bb3 Bc5 7. O-O d6 8. c3 Bb6 9. h3 h6 10. Re1 O-O 11. Nbd2 Be6 12. Nf1 Re8 13. Ng3 d5 14. exd5 Bxd5 15. Be3 Bxf3 16. Qxf3 Qxd3 17. Qxc6 1-0


[Site "https://www.chess.com"]

[Event "Titled Tuesday Blitz April 26 Late 2022"]
[White "Swiercz, Dariusz"]
[Black "Riehle, Marco"]
[WhiteFideId "1126881"]
[BlackFideId "12904392"]
[WhiteElo "2627"]
[BlackElo "2462"]
[Result "0-1"]
[Round "03"]
[TimeControl "180+1"]
[Date "2022.04.26"]
[WhiteClock "0:00:04"]
[BlackClock "0:00:20"]

1. d4 d5 2. c4 e6 3. Nf3 Nf6 4. g3 dxc4 5. Bg2 Bb4+ 6. Bd2 a5 7. Qc2 Bxd2+ 8. Nbxd2 b5 9. b3 cxb3 10. Nxb3 a4 11. Nc5 O-O 12. O-O Ra7 13. Rfd1 Nfd7 14. Rab1 c6 15. Nd3 Rc7 16. h4 Bb7 17. Nc5 Nxc5 18. dxc5 Rd7 19. Ng5 g6 20. Ne4 Qe7 21. Qc3 f6 22. Nd6 Na6 23. Nxb7 Rxb7 24. Bxc6 Rc7 25. Bxb5 Nxc5 26. Qd4 Ra8 27. Bc4 Kg7 28. Qe3 h5 29. Rb6 e5 30. Rbd6 Nb7 31. R6d2 Rd8 32. Rxd8 Nxd8 33. Bb5 a3 34. Ba4 Ne6 35. Qe4 Nd4 36. e3 Ne2+ 37. Kf1 Nc3 38. Qa8 Nxd1 39. Bxd1 Ra7 40. Qb8 Qb7 41. Qe8 Qd7 42. Qxd7+ Rxd7 43. Bb3 Rd2 44. Ke1 Rb2 45. Bd5 g5 46. Be6 gxh4 47. gxh4 Rb4 48. Ke2 Rxh4 49. Kf3 Rb4 50. Kg3 Rb2 51. Bd5 Kg6 52. f3 f5 53. f4 e4 54. Bc4 Kf6 55. Bg8 Re2 56. Kh4 Rxe3 57. Bc4 Rf3 58. Bd5 Rxf4+ 59. Kxh5 Rf2 60. Kh4 Rd2 61. Kg3 Rxd5 0-1


[Site "https://www.chess.com"]

[Event "Titled Tuesday Blitz April 26 Late 2022"]
[White "Szpar, Milosz"]
[Black "Fiorito, Fabian"]
[WhiteFideId "1184989"]
[BlackFideId "100200"]
[WhiteElo "2447"]
[BlackElo "2395"]
[Result "1-0"]
[Round "03"]
[TimeControl "180+1"]
[Date "2022.04.26"]
[WhiteClock "0:00:06"]
[BlackClock "0:00:02"]

1. e4 c5 2. Nf3 Nc6 3. Bb5 g6 4. c3 Nf6 5. Qe2 Bg7 6. d4 cxd4 7. cxd4 d5 8. e5 Ne4 9. O-O O-O 10. Nc3 Nxc3 11. bxc3 a6 12. Bxc6 bxc6 13. Ba3 a5 14. Rfe1 Re8 15. Nd2 Ba6 16. Qe3 e6 17. Nb3 Bc4 18. Nc5 Rb8 19. Qd2 Qc7 20. Qc2 Rb5 21. Na4 Qb7 22. Bd6 Rc8 23. Nc5 Qb6 24. Reb1 Re8 25. a4 Rxb1+ 26. Rxb1 Qd8 27. Nb7 Qa8 28. h4 f6 29. f4 fxe5 30. fxe5 Bh6 31. Kh2 Qc8 32. h5 gxh5 33. Nc5 Qd8 34. Qf2 Qg5 35. Nd7 Bg7 36. Rb7 Kh8 37. Nf6 Rd8 38. Be7 Ra8 39. Nxd5 Qg4 40. Ne3 Qe4 41. Nxc4 c5 42. Nd6 Qg4 43. Bf6 Rg8 44. Nf7# 1-0


[Site "https://www.chess.com"]

[Event "Titled Tuesday Blitz April 26 Late 2022"]
[White "Taichman, Ori"]
[Black "Sjugirov, Sanan"]
[WhiteFideId "2804069"]
[BlackFideId "4189302"]
[WhiteElo "2227"]
[BlackElo "2602"]
[Result "1-0"]
[Round "03"]
[TimeControl "180+1"]
[Date "2022.04.26"]
[WhiteClock "0:00:08"]
[BlackClock "0:00:04"]

1. e4 c6 2. d4 d5 3. e5 Bf5 4. h4 h5 5. Bd3 Bxd3 6. Qxd3 Qa5+ 7. Bd2 Qa6 8. e6 Qxd3 9. exf7+ Kxf7 10. cxd3 e6 11. Nf3 Be7 12. Bg5 Bf6 13. Ne5+ Bxe5 14. dxe5 c5 15. Nc3 Nc6 16. f4 Nge7 17. Bxe7 Nxe7 18. Kf2 Nf5 19. Rag1 b5 20. g4 hxg4 21. Rxg4 a6 22. Ne2 g6 23. Ng3 Ng7 24. Rg5 Rh6 25. h5 Nxh5 26. Nxh5 Rah8 27. Rc1 Rxh5 28. Rxh5 Rxh5 29. Rxc5 Rh2+ 30. Ke3 Rxb2 31. Rc7+ Ke8 32. Rc6 Rxa2 33. Rxe6+ Kd7 34. Rxg6 Ra1 35. Rd6+ Kc7 36. Rxd5 b4 37. Kd4 Rc1 38. e6 b3 39. e7 Re1 40. Re5 Rxe5 41. fxe5 b2 42. e8=Q b1=Q 43. Qe7+ Kb6 44. Qd6+ Kb7 45. Qd5+ Kb6 46. Qc5+ Kb7 47. Qd5+ Kb6 48. e6 Qb4+ 49. Ke5 Qe1+ 50. Kd6 Qg3+ 51. Kd7 Qc7+ 52. Ke8 a5 53. e7 Qg3 54. Qe6+ Kb7 55. Qd5+ Kb6 56. Kd8 Qb8+ 57. Kd7 Qc7+ 58. Ke6 Qc8+ 59. Qd7 Qg8+ 60. Kd6 Qg6+ 61. Qe6 Qxd3+ 62. Qd5 Qg6+ 63. Kd7 Qh7 64. Kd8 Qh4 65. Qd6+ Kb7 66. Qd7+ Kb6 67. Qc7+ Ka6 68. Qc6+ Ka7 69. Qc7+ Ka6 70. Kc8 Qg4+ 71. Kb8 Qb4+ 72. Kc8 Qg4+ 73. Qd7 Qc4+ 74. Kd8 Qh4 75. Qc6+ Ka7 76. Qc5+ Ka6 77. Kc8 Qg4+ 78. Kc7 Qg7 79. Qb6# 1-0


[Site "https://www.chess.com"]

[Event "Titled Tuesday Blitz April 26 Late 2022"]
[White "Talibov, Shiroghlan"]
[Black "Gnechko, Ruslan"]
[WhiteFideId "13429078"]
[BlackFideId "14135868"]
[WhiteElo "2042"]
[BlackElo "2289"]
[Result "0-1"]
[Round "03"]
[TimeControl "180+1"]
[Date "2022.04.26"]
[WhiteClock "0:00:01"]
[BlackClock "0:00:09"]

1. e4 c6 2. d4 d5 3. e5 Bf5 4. h4 h5 5. Bd3 Bxd3 6. Qxd3 e6 7. Nf3 Nd7 8. c4 Ne7 9. Nc3 Nf5 10. cxd5 cxd5 11. Nxd5 Nxe5 12. Qb5+ Nc6 13. Qxb7 Rc8 14. Nc3 Nfxd4 15. Nxd4 Nxd4 16. O-O Rc7 17. Qe4 Be7 18. Rd1 Rd7 19. Be3 Ne2+ 20. Nxe2 Rxd1+ 21. Rxd1 Qxd1+ 22. Kh2 O-O 23. Nf4 Bd6 24. g3 Bxf4 25. Qxf4 Qc2 26. Bxa7 Qxb2 27. a4 Rd8 28. a5 Rd1 29. Qf3 Rd5 30. Bb6 Qb5 31. Qc3 Qd7 32. Qf3 Qb7 33. Qe4 g6 34. Qf3 Qa6 35. Qc3 e5 36. Qc6 Rd2 37. Qe8+ Kh7 38. Qxf7+ Kh8 39. Qe8+ Kh7 40. Qe7+ Kh8 41. Qxe5+ Kh7 42. Qe7+ Kh8 43. Qf6+ Kh7 44. Qf7+ Kh8 45. Qxg6 Rxf2+ 46. Kh3 Qf1# 0-1


[Site "https://www.chess.com"]

[Event "Titled Tuesday Blitz April 26 Late 2022"]
[White "Toncheva, Nadya"]
[Black "Maltsevskaya, Aleksandra"]
[WhiteFideId "2924056"]
[BlackFideId "24174041"]
[WhiteElo "1884"]
[BlackElo "2235"]
[Result "1-0"]
[Round "03"]
[TimeControl "180+1"]
[Date "2022.04.26"]
[WhiteClock "0:00:17"]
[BlackClock "0:00:02"]

1. e4 c5 2. Nf3 e6 3. d4 cxd4 4. Nxd4 Nf6 5. Bd3 d5 6. Nd2 Nc6 7. Nxc6 bxc6 8. O-O Rb8 9. Qe2 Be7 10. b3 a5 11. Bb2 a4 12. Be5 Ra8 13. f4 Qb6+ 14. Kh1 Ba6 15. f5 Bxd3 16. Qxd3 O-O 17. Qg3 axb3 18. Bxf6 Bxf6 19. e5 Bd8 20. f6 g6 21. Qf4 Kh8 22. Qh6 Rg8 23. Rf3 Qe3 1-0


[Site "https://www.chess.com"]

[Event "Titled Tuesday Blitz April 26 Late 2022"]
[White "Torres Cueto, Jesus Marcial"]
[Black "Nozdrachev, Leonid"]
[WhiteFideId "4415280"]
[BlackFideId "24113433"]
[WhiteElo "2055"]
[BlackElo "2242"]
[Result "0-1"]
[Round "03"]
[TimeControl "180+1"]
[Date "2022.04.26"]
[WhiteClock "0:01:19"]
[BlackClock "0:01:41"]

1. d4 Nf6 2. c4 e5 3. Nc3 exd4 4. Qxd4 Bb4 5. Nf3 O-O 6. e3 Nc6 7. Qd3 d5 8. cxd5 Nxd5 9. Bd2 Be6 10. Nxd5 Bxd5 11. Be2 Bxf3 12. gxf3 Qxd3 13. Bxd3 Rfd8 14. Bxb4 Nxb4 15. Be4 Nd3+ 16. Bxd3 Rxd3 17. Ke2 Rad8 18. Rhd1 Rxd1 19. Rxd1 Rxd1 20. Kxd1 g6 21. Kd2 Kg7 22. Kd3 Kh6 23. Ke4 Kg5 24. Ke5 c5 25. f4+ Kg4 26. e4 c4 27. f5 gxf5 28. exf5 b5 29. Kf6 b4 0-1


[Site "https://www.chess.com"]

[Event "Titled Tuesday Blitz April 26 Late 2022"]
[White "Tregubov, Pavel V."]
[Black "Meduri, Aakaash"]
[WhiteFideId "4115341"]
[BlackFideId "2032252"]
[WhiteElo "2341"]
[BlackElo "2096"]
[Result "0-1"]
[Round "03"]
[TimeControl "180+1"]
[Date "2022.04.26"]
[WhiteClock "0:01:18"]
[BlackClock "0:01:26"]

1. e4 c5 2. Nf3 d6 3. Bb5+ Bd7 4. Bxd7+ Qxd7 5. O-O Nc6 6. c3 d5 7. exd5 Qxd5 8. d4 O-O-O 9. Qa4 e6 10. Be3 Nf6 11. c4 Qh5 12. dxc5 Ng4 13. b4 Nce5 14. Bf4 Nxf3+ 15. gxf3 Ne5 16. Bxe5 Qxe5 17. Na3 Qg5+ 18. Kh1 Qf4 19. Kg2 Qg5+ 20. Kh1 Qf5 21. Rg1 Qxf3+ 22. Rg2 Be7 23. Qb3 Rd3 0-1


[Site "https://www.chess.com"]